 Dungeon Crawl Stone Soup version 0.29.0-4-gdea44cf6ec (webtiles) character file.

Game seed: 9514631120455481265

53 qw the Ruffian (level 3, -1/28 HPs)
             Began as a Ghoul Fire Elementalist on Aug 29, 2022.
             Killed from afar by a white imp (3 damage)
             ... with a puff of frost
             ... summoned by Natasha
             ... on level 2 of the Dungeon.
             The game lasted 00:01:16 (1481 turns).

qw the Ruffian (Ghoul Fire Elementalist)            Turns: 1481, Time: 00:01:16

Health: -1/28      AC:  4    Str: 13    XL:     3   Next: 89%
Magic:  4/4        EV: 11    Int: 10    God:
Gold:   38         SH:  0    Dex:  9    Spells: 4/5 levels left

rFire   . . .      SeeInvis .     - Unarmed
rCold   + . .      Faith    .   (no shield)
rNeg    + + +      Spirit   .   g - +0 leather armour
rPois   inf        Reflect  .   (no helmet)
rElec   .          Harm     .   (no cloak)
rCorr   .          Rampage  .   (no gloves)
Will    .....                   e - +0 pair of boots
Stlth   +.........              (no amulet)
HPRegen 0.00/turn               (no ring)
MPRegen 0.09/turn               (no ring)

@: inhibited regen, slowed, very slow
A: claws 1, cold resistance 1, negative energy resistance 3, inhibited
regeneration, torment resistance 2, devour on kill
a: no special abilities


You were on level 2 of the Dungeon.
You visited 1 branch of the dungeon, and saw 2 of its levels.

You collected 38 gold pieces.


Innate Abilities, Weirdness & Mutations

You are immune to poison.
You have sharp fingernails.
Your flesh is cold resistant. (rC+)
You are immune to negative energy. (rN+++)
You do not regenerate when monsters are visible.
You are immune to unholy pain and torment.
You thrive by killing the living.


   Skills:
 - Level 1.0 Fighting
 - Level 1.7 Dodging
 - Level 2.1 Stealth
 + Level 3.4 Unarmed Combat
 - Level 1.7 Spellcasting
 - Level 0.7 Conjurations
 - Level 2.4 Fire Magic


You had 4 spell levels left.
You knew the following spells:

 Your Spells              Type           Power      Damage    Failure   Level
a - Foxfire               Conj/Fire      16%        2x1d4     22%         1

Your spell library contained the following spells:

 Spells                   Type           Power      Damage    Failure   Level
 Scorch                   Fire           10%        2d5       22%         2
 Conjure Flame            Conj/Fire      4%         6-21      54%         3
 Inner Flame              Hex/Fire       3%         N/A       58%         3
 Flame Wave               Conj/Fire      4%         2d5       91%         4

Inventory:

Armour
 e - a +0 pair of boots (worn)
 g - a +0 leather armour (worn)
Potions
 i - a potion of brilliance {unknown}

Dungeon Overview and Level Annotations

Branches:
Dungeon (2/15)

Altars:

Annotations:
D:2 Natasha


Message History

Natasha is moderately wounded.
Natasha claws you!
The white imp hits you but does no damage.
A kobold comes into view. It is wielding a +0 club.
Natasha stares at you and mumbles some strange words.
The magic dart hits you! The white imp gestures at you.
The puff of frost misses you.
The puff of frost misses Natasha.
The goblin hits you but does no damage.
The kobold moves out of view.
1477 ||| DRINKING potion of heal wounds.
You feel much better. Natasha claws you.
The white imp hits you but does no damage.
The goblin barely misses you.
You scratch Natasha but do no damage.
Natasha is moderately wounded.
Natasha stares at you and mumbles some strange words.
The magic dart hits you but does no damage.
The goblin barely misses you. The white imp gestures at you.
The puff of frost hits you. You resist. Natasha claws you.
The goblin closely misses you. The white imp gestures at you.
The puff of frost hits you. You resist.
You scratch Natasha.
Natasha is heavily wounded.
Natasha barely misses you. The white imp gestures at you.
The puff of frost hits you. You resist. The goblin closely misses you.
You closely miss Natasha.
Natasha is heavily wounded.
Natasha claws you but does no damage. The white imp gestures at you.
The puff of frost hits you. You resist. The goblin closely misses you.
You miss Natasha. Your claw misses Natasha.
Natasha is heavily wounded.
Natasha claws you but does no damage. The goblin hits you with a +0 club.
The white imp gestures at you. The puff of frost hits you. You resist.
You die...

##############...
#.......5@hB>....
######.########g.#####
#......##### K.#
#.#...>....... ....
#.#.########## .....
#.#.# .....# ###.#.#
..##.# ......# ..# .#
###<###


You could see Natasha, a white imp (summoned), a giant cockroach, a goblin and a
kobold.

Vanquished Creatures
  Natasha (D:2)
  A dart slug (D:1)
  5 ball pythons (D:1)
  An endoplasm (D:1)
  3 goblins (D:1)
  2 hobgoblins (D:1)
  2 jackals (D:1)
  2 quokkas (D:1)
  5 bats (D:1)
  A frilled lizard (D:1)
  2 kobolds (D:1)
  2 rats (D:1)
27 creatures vanquished.

Notes
Turn   | Place    | Note
-------+----------+-------------------------------------------
     0 | D:1      | qw the Ghoul Fire Elementalist began the quest for the Orb.
     0 | D:1      | Reached XP level 1. HP: 14/14 MP: 2/2
     0 | D:1      | 0 ||| qw: Version: 0.1-a-90-g952f4b7
     0 | D:1      | 0 ||| qw: Game counter: 3801
     0 | D:1      | 0 ||| qw: Always use a shield: true
     0 | D:1      | 0 ||| qw: God list: Okawaru
     0 | D:1      | 0 ||| qw: Allow faded altars: false
     0 | D:1      | 0 ||| qw: Do Orc after D:15 true
     0 | D:1      | 0 ||| qw: Do second Lair branch before Depths: true
     0 | D:1      | 0 ||| qw: Lair rune preference: random
     0 | D:1      | 0 ||| qw: Plans: Normal
     0 | D:1      | 0 ||| PLANNING D:1-11
    48 | D:1      | 48 ||| Stepping ~*~*~tactically~*~*~ (stealth).
    54 | D:1      | 54 ||| Stepping ~*~*~tactically~*~*~ (stealth).
   191 | D:1      | Reached skill level 1 in Unarmed Combat
   240 | D:1      | Reached skill level 1 in Fighting
   240 | D:1      | Reached XP level 2. HP: 10/23 MP: 3/3
   414 | D:1      | 414 ||| Stepping ~*~*~tactically~*~*~ (stealth).
   431 | D:1      | 431 ||| Stepping ~*~*~tactically~*~*~ (stealth).
   432 | D:1      | 432 ||| Stepping ~*~*~tactically~*~*~ (stealth).
   444 | D:1      | 444 ||| Stepping ~*~*~tactically~*~*~ (stealth).
   646 | D:1      | 646 ||| Stepping ~*~*~tactically~*~*~ (outnumbered).
   647 | D:1      | 647 ||| Stepping ~*~*~tactically~*~*~ (outnumbered).
   648 | D:1      | 648 ||| Stepping ~*~*~tactically~*~*~ (outnumbered).
   649 | D:1      | 649 ||| Stepping ~*~*~tactically~*~*~ (outnumbered).
   651 | D:1      | 651 ||| Stepping ~*~*~tactically~*~*~ (outnumbered).
   653 | D:1      | 653 ||| Stepping ~*~*~tactically~*~*~ (outnumbered).
   660 | D:1      | Reached skill level 2 in Unarmed Combat
   661 | D:1      | HP: 3/23 [quokka (3)]
   684 | D:1      | 684 ||| Stepping ~*~*~tactically~*~*~ (stealth).
   707 | D:1      | HP: 4/23 [goblin/+0 dagger (2)]
  1093 | D:1      | Reached XP level 3. HP: 28/28 MP: 4/4
  1118 | D:1      | Found a faded altar of an unknown god.
  1219 | D:1      | 1219 ||| Stepping ~*~*~tactically~*~*~ (stealth).
  1221 | D:1      | 1221 ||| Stepping ~*~*~tactically~*~*~ (stealth).
  1276 | D:1      | 1276 ||| UPGRADING to +0 pair of boots.
  1281 | D:1      | 1281 ||| UPGRADING to +0 leather armour.
  1291 | D:1      | 1291 ||| DROPPING +0 robe.
  1292 | D:1      | 1292 ||| DROPPING amulet of magic regeneration.
  1293 | D:1      | 1293 ||| READING scroll labelled TEKLO WISEAFF.
  1294 | D:1      | 1294 ||| READING scroll labelled HORONT HAOD.
  1295 | D:1      | 1295 ||| DRINKING 2 white potions.
  1296 | D:1      | 1296 ||| DROPPING potion of magic.
  1352 | D:2      | Noticed Natasha
  1357 | D:2      | Killed Natasha
  1358 | D:2      | Reached skill level 3 in Unarmed Combat
  1470 | D:2      | Noticed Natasha
  1476 | D:2      | HP: 6/28 [Natasha/magic dart (9)]
  1477 | D:2      | 1477 ||| DRINKING potion of heal wounds.
  1481 | D:2      | HP: 2/28 [goblin/+0 club (2)]
  1481 | D:2      | Killed from afar by a white imp

Levels and vault maps discovered:
D:1:      psy_arrival_dodecagon, layout_rooms,
          dilly_ecumenical_altar_fadedgnrine
D:2:      layout_loops_ring, uniq_natasha, uniq_crazy_yiuf_cottage

Skill      XL: |  1  2  3 |
---------------+----------+-----
Unarmed Combat | 1 2 3 |  3.4
Fighting       | 1 |  1.0
Dodging        | |  1.7
Stealth        | |  2.1
Spellcasting   | |  1.7
Conjurations   | |  0.7
Fire Magic     | |  2.4

Action                   || total
-------------------------++-------
Melee: Unarmed           ||    99
  Use: Scroll            ||     2
       Potion            ||     2
 Stab: Sleeping          ||     1
Armor: Robe              ||    17
       Leather armour    ||     7
Dodge: Dodged            ||    71

Table legend:
 A = Non-vault XP
 B = Vault XP
 C = Vault XP percentage of total XP
 D = Non-vault monster count
 E = Vault monster count
 F = Vault count percentage of total count
                 A         B        C        D         E       F
            +---------+---------+-------+---------+---------+-------
      Total |      42 |      35 |  45.5 |      26 |       1 |   3.7
            +---------+---------+-------+---------+---------+-------
        D:1 |      42 |       0 |   0.0 |      26 |       0 |   0.0
        D:2 |       0 |      35 | 100.0 |       0 |       1 | 100.0
            +---------+---------+-------+---------+---------+-------
